 Dungeon Crawl Stone Soup version 0.27.1 (webtiles) character file.

Game seed: 6379055648935656880

72 Atelerd the Sneak (level 4, 0/27 HPs)
             Began as an Octopode Earth Elementalist on Sept 4, 2021.
             Killed by nerve-wracking pain
             ... invoked by Jessica
              (14 damage)
             ... on level 2 of the Dungeon.
             The game lasted 00:01:02 (1597 turns).

Atelerd the Sneak (Octopode Earth Elementalist)     Turns: 1597, Time: 00:01:02

Health: 0/27       AC:  1    Str:  7    XL:     4   Next: 26%
Magic:  6/7        EV: 13    Int: 18    God:
Gold:   59         SH:  0    Dex: 12    Spells: 7/8 levels left

rFire    . . .     SeeInvis .   d - +0 dagger
rCold    . . .     Faith    .   (no shield)
rNeg     . . .     Spirit   .   (helmet restricted)
rPois    .         Reflect  .   (no amulet)
rElec    .         Harm     .   (no ring)
rCorr    .         Rampage  .   (no ring)
Will     .....                  (no ring)
Stlth    +++.......             (no ring)
HPRegen  0.09/turn              (no ring)
MPRegen  0.10/turn              (no ring)
                                (no ring)
                                (no ring)

@: no status effects
A: almost no armour, amphibious, 8 rings, camouflage 1, gelatinous body 1,
(nimble swimmer 1), tentacles
a: no special abilities


You were on level 2 of the Dungeon.
You visited 1 branch of the dungeon, and saw 2 of its levels.

You collected 59 gold pieces.

Inventory:

Hand Weapons
 d - a +0 dagger (weapon)
Missiles
 b - 30 stones
Armour
 f - a +0 buckler
Scrolls
 a - a scroll of identify {unknown}
 g - a scroll of teleportation {unknown}
Potions
 c - a potion of brilliance {unknown}
 e - a potion of curing {unknown}


   Skills:
 - Level 2.0 Dodging
 + Level 3.9 Stealth
 + Level 2.6 Spellcasting
 + Level 2.1 Transmutations
 + Level 3.5 Earth Magic


You had 7 spell levels left.
You knew the following spells:

 Your Spells              Type           Power      Damage    Failure   Level
a - Sandblast             Erth           30%        2d9       4%          1

Your spell library contained the following spells:

 Spells                   Type           Power      Damage    Failure   Level
 Passwall                 Tmut/Erth      10%        N/A       9%          2
 Stone Arrow              Conj/Erth      16%        3d8       24%         3
 Ozocubu's Armour         Ice            2%         N/A       45%         3
 Petrify                  Tmut/Erth      12%        N/A       47%         4
 Metabolic Englaciation   Hex/Ice        1%         N/A       99%         5
 Simulacrum               Ice/Necr       1%         N/A       100%        6


Dungeon Overview and Level Annotations

Branches:
Dungeon (2/15)

Altars:

Annotations:
D:2 Jessica


Innate Abilities, Weirdness & Mutations

You cannot wear most types of armour.
You are amphibious.
You can wear up to eight rings at the same time.
Your skin changes colour to match your surroundings (Stealth+).
Your rubbery body absorbs attacks. (AC +1, EV +1)
((You are camouflaged near water. (Stealth+)))
You have tentacles for arms and can constrict up to eight enemies at once.


Message History

Key pressed, stopping explore.
No target in view!
You can't see any susceptible monsters within range! (Use Z to cast anyway.)
A ball python comes into view.
You can't see any susceptible monsters within range! (Use Z to cast anyway.)
A ball python is nearby!
You can't see any susceptible monsters within range! (Use Z to cast anyway.)
A ball python is nearby!
Found a book of Winter.
The blast of sand hits the ball python!
You kill the ball python!
Key pressed, stopping explore.
No target in view!
You can't see any susceptible monsters within range! (Use Z to cast anyway.)
You pick up a book of Winter and begin reading...
You add the spells Ozocubu's Armour, Metabolic Englaciation and Simulacrum to your library.
No target in view!
You can't see any susceptible monsters within range! (Use Z to cast anyway.) Jessica the Apprentice Sorceress comes into view.
She is wielding a +0 club and wearing a +1 robe of resistance.
Found 7 gold pieces.
Found a stone staircase leading down.
Jessica is nearby!
Jessica shouts!
Jessica casts a spell at you. Pain shoots through your body!
Jessica is nearby!
Jessica looks very angry.
Jessica gestures at you while chanting.
You barely resist.
Jessica is nearby!
Found 6 gold pieces.
Jessica casts a spell.
Jessica blinks!
Jessica is nearby!
You can't see any susceptible monsters within range! (Use Z to cast anyway.)
The blast of sand hits Jessica but does no damage.
Jessica is nearby!
Jessica gestures at you while chanting. Pain shoots through your body!
Ouch! That really hurt!
You die...

######### .....$..#
#.# #.# ##### #####
#@#
#..)####...###@######
#.#...................
#...##.#...###.#######
##.###.##.## #.# #.#
#.##.# #.# #.# #.##.#
#.# #.# #.##.# ...
#.###.##.# .$.


You could see Jessica.

Vanquished Creatures
  3 gnolls (D:2)
  2 dart slugs (D:1)
  An endoplasm (D:1)
  2 giant cockroaches (D:1)
  4 goblins (D:1)
  4 hobgoblins (D:1)
  4 jackals (D:1)
  4 kobolds
  2 quokkas
  2 ball pythons (D:2)
  5 bats
  4 frilled lizards
  2 rats (D:1)
39 creatures vanquished.

Notes
Turn   | Place    | Note
-------+----------+-------------------------------------------
     0 | D:1      | Atelerd the Octopode Earth Elementalist began the quest for
                  | the Orb.
     0 | D:1      | Reached XP level 1. HP: 11/11 MP: 3/3
   113 | D:1      | Reached XP level 2. HP: 17/17 MP: 0/5
   422 | D:1      | Reached XP level 3. HP: 21/21 MP: 3/6
   741 | D:1      | Found a faded altar of an unknown god.
  1234 | D:2      | Reached XP level 4. HP: 27/27 MP: 1/7
  1590 | D:2      | Noticed Jessica
  1597 | D:2      | Killed from afar by Jessica

Illustrated notes

Levels and vault maps discovered:
D:1:      grunt_arrival_lava_bath, layout_loops_ring,
          hellmonk_ecumenical_altar_inner_sanctum, minmay_strange_pillars,
          minmay_pentomino_s4
D:2:      layout_loops_ring, supply_closet_lemuel, uniq_crazy_yiuf_cottage,
          uniq_jessica

Skill      XL: |  1  2  3 |
---------------+----------+-----
Stealth        | 3 |  3.9
Transmutations | 2 |  2.1
Dodging        | |  2.0
Spellcasting   | |  2.6
Earth Magic    | |  3.5

Action                   |  1- 3 |  4- 6 || total
-------------------------+-------+-------++-------
Melee: Unarmed           |    23 |       ||    23
       Constrict         |     9 |     3 ||    12
       Tentacles         |     3 |       ||     3
       Dagger            |    10 |     6 ||    16
 Cast: Sandblast         |    34 |     8 ||    42
 Stab: Sleeping          |     1 |       ||     1
Armor: Skin              |     9 |       ||     9
Dodge: Dodged            |    35 |     4 ||    39
